 Dungeon Crawl Stone Soup version 0.14.1-9-g552248a (webtiles) character file.

232 RogerD the Stinger (level 4, 0/33 HPs)
             Began as a Draconian Venom Mage on May 18, 2014.
             Was an Initiate of Dithmenos.
             Killed by divine providence
             ... invoked by an orc priest
              (9 damage)
             ... on Level 3 of the Dungeon on May 26, 2014.
             The game lasted 00:25:08 (2176 turns).

RogerD the Stinger (Draconian Venom Mage)           Turns: 2176, Time: 00:25:12

HP   0/33        AC  5     Str 11      XL: 4   Next: 45%
MP   0/8         EV 12     Int 16      God: Dithmenos [......]
Gold 133         SH  0     Dex 11      Spells:  1 memorised,  7 levels left

rFire  . . .     SeeInvis .     e - +0 whip
rCold  . . .     Clarity  .     (armour unavailable)
rNeg   . . .     Conserve .     (no shield)
rPois  .         rCorr    .     (helmet restricted)
rElec  .         rRot     .     (no cloak)
SustAb + .       Spirit   .     (no gloves)
rMut   .         Warding  .     (no boots)
Saprov . . .     Stasis   .     (no amulet)
MR     .....                    (no ring)
                                l - ring of sustain abilities {unknown}

@: not resistant to hostile enchantments, unstealthy
A: unfitting armour, AC +5
a: Renounce Religion


You were on level 3 of the Dungeon.
You worshipped Dithmenos.
Dithmenos was noncommittal.
You were very hungry.

You visited 1 branch of the dungeon, and saw 3 of its levels.

You collected 133 gold pieces.

Inventory:

Hand weapons
 e - a +0,+0 whip (weapon)
Comestibles
 c - 4 bread rations
 d - a meat ration
 k - a rambutan
Scrolls
 a - a scroll of enchant armour {unknown}
 g - a scroll of recharging
 h - a scroll of enchant weapon I {unknown}
 i - a scroll of remove curse {unknown}
 j - 3 scrolls of identify
Jewellery
 l - a ring of sustain abilities (left hand) {unknown}
Potions
 f - 2 potions of cure mutation
 m - a potion of flight {unknown}
 n - a potion of might {unknown}
 o - a potion of resistance {unknown}
Books
 b - a Young Poisoner's Handbook

   Spells                             Type                      Level
   *Sting                             Conjuration/Poison           1
   Cure Poison                        Poison                       2
   Mephitic Cloud                     Conjuration/Poison/Air       3
   Olgreb's Toxic Radiance            Poison                       4
   Venom Bolt                         Conjuration/Poison           5


   Skills:
 + Level 0.2 Fighting
 + Level 2.1 Dodging
 + Level 2.1 Stealth
 + Level 0.4 Unarmed Combat
 + Level 2.7 Spellcasting
 + Level 1.3 Conjurations
 + Level 4.8 Poison Magic


You had 7 spell levels left.
You knew the following spells:

 Your Spells              Type           Power        Failure   Level  Hunger
a - Sting                 Conj/Pois      ##..         8%          1    #......


Dungeon Overview and Level Annotations

Branches:
Dungeon (3/15)

Altars:
Dithmenos

Annotations:
D:3 Terence


Message History

The orc priest prays to Beogh.
You feel a wave of unholy energy pass over you.
Terence hits you with a short sword.
You hit Terence.
Your tail-slap misses Terence.
Terence is heavily wounded.
The orc priest becomes somewhat translucent.
Terence hits you but does no damage.
You hit Terence.
Terence is heavily wounded.
The orc priest mumbles some strange prayers to Beogh against you.
Something smites you!
* * * LOW HITPOINT WARNING * * *
Terence hits you but does no damage.
You hit Terence but do no damage.
You tail-slap Terence, but do no damage.
Terence is heavily wounded.
Terence closely misses you.
The orc priest mumbles some strange prayers to Beogh against you.
Something smites you!
You die...

#.##########
#.# #.# #.#
#.### #...#
###.# #.#
#@# #@# #o#
#o# ... .).
#.# #.# #.#


You could see Terence, an orc priest and an orc.

Vanquished Creatures
  7 adders
  A giant gecko (D:1)
  An orc (D:3)
  A ball python (D:2)
  3 bats
  2 goblins (D:2)
  4 hobgoblins
  5 jackals
  6 kobolds (D:1)
  2 giant cockroaches (D:2)
  4 giant newts
  9 rats
45 creatures vanquished.

Vanquished Creatures (others)
  A gnoll (D:3)
1 creature vanquished.

Grand Total: 46 creatures vanquished

Notes
Turn   | Place    | Note
--------------------------------------------------------------
     0 | D:1      | RogerD, the Draconian Venom Mage, began the quest for the Orb.
     0 | D:1      | Reached XP level 1. HP: 14/14 MP: 3/3
   251 | D:1      | Reached XP level 2. HP: 18/20 MP: 0/4
  1016 | D:1      | Upgraded the game from 0.14.1-3-gd16b60d to 0.14.1-9-g552248a
  1258 | D:2      | Reached XP level 3. HP: 15/26 MP: 3/6
  1744 | D:2      | Reached skill level 1 in Conjurations
  1779 | D:2      | Found a shadowy altar of Dithmenos.
  1783 | D:2      | Became a worshipper of Dithmenos the Shadowed
  1862 | D:2      | Reached XP level 4. HP: 33/33 MP: 4/8
  2159 | D:3      | Noticed Terence
  2176 | D:3      | Killed from afar by an orc priest

Action                   |  1- 3 |  4- 6 || total
-------------------------+-------+-------++-------
Melee: Unarmed           |    62 |       ||    62
       Whip              |     5 |    10 ||    15
 Cast: Sting             |    77 |    22 ||    99
  Use: Scroll            |     3 |     1 ||     4
       Potion            |     2 |       ||     2
